 Dungeon Crawl Stone Soup version 0.30-a0-723-gc1506a1cf0 (webtiles) character file.

Game seed: 11875820744526663289

2531 Crownlay the Geomancer (level 9, -4/58 HPs)
             Began as an Octopode Earth Elementalist on Jan 28, 2023.
             Was a Believer of Vehumet.
             Slain by a wolf (11 damage)
             ... led by Grum
             ... on level 7 of the Dungeon.
             The game lasted 00:12:11 (8161 turns).

Crownlay the Geomancer (OpEE)                       Turns: 8161, Time: 00:12:11

Health: -4/58      AC:  1    Str: 13    XL:     9   Next: 55%
Magic:  11/16      EV: 13    Int: 22    God:    Vehumet [**....]
Gold:   312        SH:  0    Dex: 12    Spells: 14/18 levels left

rFire   + . .      SeeInvis .    b - +7 Throatcutter {drain, coup de grace}
rCold   . . .      Faith    .    (no shield)
rNeg    . . .      Spirit   .    (helmet restricted)
rPois   .          Reflect  .    (no amulet)
rElec   .          Harm     .    k - ring of protection from fire
rCorr   .          Rampage  .    t - +6 ring of strength
Will    .....                    (no ring)
Stlth   +++                      (no ring)
HPRegen 0.29/turn                (no ring)
MPRegen 0.15/turn                (no ring)
                                 (no ring)
                                 (no ring)

@: no status effects
A: almost no armour, amphibious, 8 rings, camouflage 1, gelatinous body 1,
(nimble swimmer 1), tentacles
a: Renounce Religion


You were on level 7 of the Dungeon.
You worshipped Vehumet.
Vehumet was pleased with you.
You visited 2 branches of the dungeon, and saw 9 of its levels.
You also visited: Sewer.

You collected 401 gold pieces.
You spent 89 gold pieces at shops.

Inventory:

Hand Weapons
 b - the +7 Throatcutter (weapon) {drain, coup de grace}
   (You found it on level 4 of the Dungeon)
Jewellery
 k - a ring of protection from fire (left tentacle)
 t - a +6 ring of strength (right tentacle)
Wands
 p - a wand of charming (7)
 v - a wand of iceblast (10)
 y - a wand of flame (24)
 z - a wand of mindburst (15)
Scrolls
 c - 7 scrolls of enchant armour
 e - 6 scrolls of fog
 f - 5 scrolls of poison
 g - 2 scrolls of teleportation
 h - 4 scrolls of amnesia
 i - 2 scrolls of fear {unknown}
 l - a scroll of immolation {unknown}
 q - 3 scrolls of noise
 w - a scroll of enchant weapon {unknown}
 x - a scroll of summoning {unknown}
Potions
 a - 3 potions of magic
 d - a potion of cancellation {unknown}
 j - a potion of berserk rage {unknown}
 m - a potion of degeneration {unknown}
 n - a potion of resistance {unknown}
 o - 4 potions of mutation {unknown}
 r - 2 potions of attraction {unknown}
 s - a potion of heal wounds {unknown}
 u - a potion of might {unknown}


   Skills:
 - Level 4.0 Fighting
 - Level 2.0 Dodging
 - Level 2.6 Stealth
 - Level 5.0 Spellcasting
 + Level 2.6 Conjurations
 + Level 2.6 Summonings
 + Level 3.0 Transmutations
 - Level 10.0 Earth Magic


You had 14 spell levels left.
You knew the following spells:

 Your Spells              Type           Power      Damage    Failure   Level
a - Sandblast             Erth           98%        2d20      1%          1
b - Stone Arrow           Conj/Erth      66%        3d11      2%          3

Your spell library contained the following spells:

 Spells                   Type           Power      Damage    Failure   Level
 Searing Ray              Conj           34%        2d5       5%          2
 Passwall                 Tmut/Erth      28%        N/A       1%          2
 Kiss of Death            Conj/Necr      44%        2d8       6%          1
 Petrify                  Tmut/Erth      34%        N/A       7%          4
 Apportation              Tloc           10%        N/A       10%         1
 Scorch                   Fire           10%        2d5       16%         2
 Dazzling Flash           Conj/Hex       22%        N/A       19%         3
 Confusing Touch          Hex            5%         N/A       30%         3
 Flame Wave               Conj/Fire      11%        2d6       52%         4
 Dispel Undead            Necr           5%         3d7       69%         4
 Alistair's Intoxication  Tmut/Pois      8%         N/A       83%         5
 Agony                    Necr           5%         N/A       95%         5
 Silence                  Hex/Air        2%         N/A       95%         5
 Summon Cactus Giant      Summ           8%         N/A       99%         6


Dungeon Overview and Level Annotations

Branches:
Dungeon (8/15)             Temple (1/1) D:4           Sewer (visited)
   Lair: D:8-11

Altars:
Ashenzari
Cheibriados
Dithmenos
Elyvilon
Fedhas
Gozag
Hepliaklqana
Kikubaaqudgha
Nemelex Xobeh
Qazlal
Ru
Sif Muna
Trog
Uskayaw
Vehumet
Xom
Yredelemnul
The Shining One

Shops:
D:3 *   D:4 (

Annotations:
D:2 Terence
D:8 Grum


Innate Abilities, Weirdness & Mutations

You cannot wear most types of armour.
You are amphibious.
You can wear up to eight rings at the same time.
Your skin changes colour to match your surroundings (Stealth+).
Your rubbery body absorbs attacks. (AC +1, EV +1)
((You are camouflaged when in or above water. (Stealth+)))
You have tentacles for arms and can constrict up to eight enemies at once.


Message History

Vehumet accepts your kill.
Grum the Hunter comes into view.
He is wielding a +1 spear.
There is a stone staircase leading up here.
You start resting.
A wolf comes into view.
The wolf moves out of view.
The wolf howls!
You hear an angry buzzing noise.
You hear an angry growl.
The blast of sand hits the wolf!
The wolf is moderately wounded.
The wolf howls!
The blast of sand hits the wolf.
The wolf is severely wounded.
The wolf bites you! x2
* * * LOW HITPOINT WARNING * * *
The wolf barely misses you.
You are too injured to fight recklessly!
You are too injured to fight recklessly!
The wolf closely misses you. x2; The wolf bites you.
* * * LOW HITPOINT WARNING * * *
You climb upwards.
There is a stone staircase leading down here.
You are too injured to fight recklessly!
You are too injured to fight recklessly!
Casting: Sandblast (safe; 1% risk of failure)
Confirm with . or Enter, or press ? or * to list all spells.
Okay, then.
Casting: Sandblast (safe; 1% risk of failure)
Confirm with . or Enter, or press ? or * to list all spells.
Aiming: Sandblast (safe; 1% risk of failure)
Press: ? - help, Shift-Dir - straight line, f - wolf
Aim: a wolf (severely wounded, 75% to hit)
The blast of sand hits the wolf!!
You kill the wolf!
Vehumet accepts your kill. The wolf bites you.
* * * LOW HITPOINT WARNING * * *
The wolf bites you.
* * * LOW HITPOINT WARNING * * *
The wolf bites you!
You die...

##(.....)......[.....#####.......
#...##.#..#...........[.........
#...##.#..#...........###...)...
######.#..#............####...##
#.#..#...........## #)).#
#.#..#<.........## ##)##
#..............## #.#
##.<###....h#.## ####.# #..#
##.†@#### #....#
#..#####..#########.####
#..<.........[[......#
#.###.###.#########..#
#.###.###.# #..# #.##......# #..#
########.##..##### #..#
<........##..# #..#
######.####..# #..#


You could see a wolf.

Vanquished Creatures
  An acid dragon (D:7)
  Pargi (Sewer)
  An ice beast (D:7)
  An orc warrior (D:6)
  3 black bears
  3 ogres
  2 wolves
  A centaur (D:7)
  A phantom (D:5)
  3 bullfrogs
  A scorpion (D:6)
  A necrophage (D:7)
  8 wights
  4 hounds
  2 jellies (D:5)
  4 orc priests
  4 iguanas
  An orc wizard (D:7)
  8 adders
  A river rat (D:4)
  3 shadow imps
  3 white imps (D:7)
  An ufetubus (D:5)
  2 worms
  4 dart slugs
  23 orcs
  2 bats
  8 endoplasms
  5 giant cockroaches
  11 goblins
  7 hobgoblins
  2 jackals (D:1)
  4 kobolds
  A quokka (D:2)
  6 ball pythons
  5 frilled lizards
  4 rats
142 creatures vanquished.

Notes
Turn   | Place    | Note
-------+----------+-------------------------------------------
     0 | D:1      | Crownlay the Octopode Earth Elementalist began the quest
                  | for the Orb.
     0 | D:1      | Reached XP level 1. HP: 11/11 MP: 3/3
     6 | D:1      | Noticed a wolf
     6 | D:1      | Noticed a wyvern
     7 | D:1      | Noticed a black mamba
     7 | D:1      | Noticed an iguana
   112 | D:1      | Reached XP level 2. HP: 17/17 MP: 1/5
   551 | D:1      | Reached skill level 4 in Earth Magic
   627 | D:1      | Reached XP level 3. HP: 21/21 MP: 2/6
  1113 | D:2      | Identified the +0 war axe of Ijioqogu {antimagic, rF+
                  | Int+2}
  1253 | D:2      | Noticed Terence
  1787 | D:2      | Learned a level 3 spell: Stone Arrow
  1879 | D:3      | Found Itetrege's Assorted Antiques.
  1898 | D:3      | Bought a scroll labelled IMNULIFOONK for 31 gold pieces
  1898 | D:3      | Bought a blue potion for 27 gold pieces
  1898 | D:3      | Bought a scroll labelled CUCECVOLOL for 31 gold pieces
  2345 | D:3      | Reached XP level 4. HP: 27/27 MP: 5/7
  2394 | D:3      | Reached skill level 5 in Earth Magic
  2870 | D:4      | Found the +7 Throatcutter {drain, coup de grace}
  2892 | D:4      | Noticed an ogre
  2896 | D:4      | Killed an ogre
  2897 | D:4      | Reached skill level 6 in Earth Magic
  2897 | D:4      | Reached XP level 5. HP: 31/31 MP: 5/8
  2917 | D:4      | Found a staircase to the Ecumenical Temple.
  2926 | Temple   | Entered the Ecumenical Temple
  3021 | Temple   | Became a worshipper of Vehumet
  3149 | D:4      | Found a glowing drain.
  3206 | Sewer    | Entered a sewer
  3289 | Sewer    | Noticed Pargi
  3306 | Sewer    | Killed Pargi
  3307 | Sewer    | Reached XP level 6. HP: 34/36 MP: 1/9
  3800 | D:4      | Found Akhafez's Antique Weapon Shoppe.
  3838 | D:4      | Reached skill level 7 in Earth Magic
  4222 | D:5      | Entered Level 5 of the Dungeon
  4361 | D:5      | Reached XP level 7. HP: 41/41 MP: 7/10
  4674 | D:5      | Reached skill level 8 in Earth Magic
  5593 | D:6      | Reached skill level 9 in Earth Magic
  5718 | D:6      | Reached XP level 8. HP: 46/46 MP: 8/11
  5750 | D:6      | Reached * piety under Vehumet
  5750 | D:6      | Offered knowledge of Foxfire by Vehumet.
  5898 | D:6      | Reached skill level 10 in Earth Magic
  5979 | D:6      | Reached skill level 1 in Fighting
  6041 | D:6      | Found a sacrificial altar of Ru.
  7150 | D:7      | Reached XP level 9. HP: 58/58 MP: 2/15
  7277 | D:7      | Reached skill level 1 in Conjurations
  7277 | D:7      | Reached skill level 1 in Summonings
  8004 | D:7      | Reached skill level 5 in Spellcasting
  8008 | D:7      | Offered knowledge of Searing Ray by Vehumet.
  8135 | D:8      | Reached ** piety under Vehumet
  8141 | D:8      | Noticed Grum
  8161 | D:7      | Slain by a wolf

Illustrated notes

Levels and vault maps discovered:
D:1:      onia_arrival_zoo_common, layout_basic, minmay_pentomino_w4
D:2:      layout_loops_ring, uniq_terence
D:3:      layout_basic, serial_shops, nicolae_shop_advertising_works
          [nicolae_subvault_shop_adworks], kennysheep_decorative_pillar
D:4:      layout_gridville, minmay_temple_entry_waves,
          cheibrodos_sewer_entry_sluice, serial_shops, nicolae_shop_waterfront
D:5:      layout_basic, chequers_hall_statues_wall_a
D:6:      layout_basic, old_standard_altar
D:7:      layout_loops_ring, grunt_decor_arrowhead, moated_statue,
          hangedman_decor_points, minmay_fractal_squares_diagonal_5
D:8:      layout_rooms, kennysheep_potato, uniq_grum, uniq_maurice, uniq_maggie
Temple:   minmay_crystal_spiral_temple

Skill      XL: |  1  2  3  4  5  6  7  8  9 |
---------------+----------------------------+-----
Earth Magic    | 4 6 7 9 10 | 10.0
Fighting       | 4 |  4.0
Spellcasting   | 4 5 |  5.0
Conjurations   | 2 |  2.6
Summonings     | 2 |  2.6
Transmutations | 3 |  3.0
Dodging        | |  2.0
Stealth        | |  2.6

Action                     |  1- 3 |  4- 6 |  7- 9 || total
---------------------------+-------+-------+-------++-------
  Melee: Unarmed           |     5 |       |       ||     5
         Constrict         |     4 |     1 |     1 ||     6
         Tentacles         |     2 |     2 |     2 ||     6
         Dagger            |     1 |     1 |       ||     2
         Long sword        |       |     7 |     6 ||    13
   Cast: Sandblast         |    54 |    44 |    71 ||   169
         Stone Arrow       |       |     1 |    51 ||    52
    Use: Scroll            |       |     5 |     2 ||     7
   Stab: Sleeping          |     2 |       |       ||     2
 Armour: Skin              |     3 |       |     1 ||     4
  Dodge: Dodged            |    12 |    19 |    35 ||    66

Table legend: (Time is in decaauts)
 A = Elapsed time spent in this place.
 B = Non-inter-level travel time spent in this place.
 C = Inter-level travel time spent in this place.
 D = Time resting spent in this place.
 E = Time spent auto-exploring this place.
 F = Levels seen in this place.
 G = Mean time per level.
                   A        B        C        D        E       F      G
               +--------+--------+--------+--------+--------+-----+--------+
         Total |   8249 |   7889 |    360 |     61 |   6654 |  10 |  824.9 |
       Dungeon |   7679 |   7405 |    274 |     61 |   6327 |   8 |  959.9 |
        Temple |    182 |     96 |     86 |      0 |      0 |   1 |  182.0 |
         Sewer |    387 |    387 |      0 |      0 |    327 |   1 |  387.0 |
               +--------+--------+--------+--------+--------+-----+--------+

Top non-repeatable levels by time:
     D:5: 1355 daAuts
     D:6: 1331 daAuts
     D:7: 1242 daAuts
     D:3: 1092 daAuts
     D:1: 1045 daAuts
     D:4: 800 daAuts
     D:2: 760 daAuts
   Sewer: 387 daAuts
  Temple: 182 daAuts
     D:8: 50 daAuts
